Map: New Repugnancy LE

Players

soul

  • Race: Terran Terran
  • League: Grandmaster
  • Spawn Location: 1:00

IIIIIIIIIIII - Winner!

  • Race: Terran Terran
  • League: Master
  • Spawn Location: 7:00

VOD

Have the link to the VOD?

Description

Time

  • Played on: Feb. 6, 2019, 12:14 p.m.
  • Length: 14:51
Show
View Real Time Build Order
Export as new Build Order

soul Terran 

Build Orders:  

Get SALT Encoding   

  12  0:00  SCV  
  13  0:13  SCV  
  14  0:18  Supply Depot  
  14  0:25  SCV  
  15  0:29  Refinery  
  15  0:39  SCV  
  16  0:45  Barracks  
  16  0:51  SCV  
  16  0:54  Refinery  
  17  1:04  SCV  
  18  1:16  SCV  
  19  1:33  Factory, Orbital Command  
  19  1:36  Reaper  
  20  1:49  Supply Depot  
  20  1:59  SCV  
  21  2:08  Reaper  
  22  2:11  SCV  
  23  2:18  Hellion  
  25  2:23  SCV  
  25  2:29  Command Center  
  26  2:36  SCV  
  27  2:39  Hellion  
  27  2:40  Barracks Tech Lab  
  27  2:44  Supply Depot  
  29  2:48  SCV  
  30  2:59  Starport  
  30  3:00  SCV  
  31  3:07  Cyclone  
  31  3:09  Barracks Reactor  
  34  3:14  SCV  
  35  3:23  Refinery  
  35  3:36  SCV  
  36  3:42  Orbital Command  
  36  3:44  Raven  
  36  3:45  Factory Tech Lab  
  36  3:48  Marine x2, SCV  
  41  3:52  Supply Depot  
  41  4:00  SCV  
  41  4:05  Marine  
  41  4:07  Marine, SCV  
  41  4:09  Cyclone  
  42  4:12  SCV  
  43  4:19  SCV  
  43  4:22  Supply Depot  
  43  4:23  Marine  
  45  4:24  Marine, SCV  
  45  4:29  Raven  
  49  4:31  SCV  
  49  4:36  SCV  
  51  4:41  Marine  
  51  4:42  Marine  
  51  4:43  SCV  
  51  4:44  Siege Tank  
  57  4:47  Supply Depot  
  57  4:49  SCV  
  58  4:56  SCV  
  58  4:59  Marine  
  60  5:00  Marine  
  60  5:01  SCV  
  59  5:08  SCV  
  59  5:13  SCV  
  51  5:16  Siege Tank  
  51  5:20  SCV  
  52  5:25  SCV  
  53  5:31  Stimpack  
  53  5:32  SCV  
  53  5:33  Marine  
  53  5:34  Command Center  
  55  5:37  SCV  
  55  5:39  Viking  
  58  5:43  Viking  
  58  5:46  SCV  
  58  5:49  SCV  
  62  5:53  Siege Tank  
  65  5:57  Supply Depot  
  65  5:58  SCV  
  65  6:01  Marine  
  65  6:02  SCV  
  68  6:09  Viking  
  68  6:10  SCV  
  71  6:12  Supply Depot  
  71  6:13  Viking  
  71  6:14  SCV  
  74  6:19  Marine, Refinery  
  74  6:22  SCV  
  74  6:25  Siege Tank  
  79  6:26  SCV  
  80  6:34  Engineering Bay  
  80  6:35  SCV  
  80  6:36  Engineering Bay, Supply Depot  
  80  6:38  SCV  
  82  6:44  Supply Depot x2  
  82  6:48  Orbital Command  
  82  6:51  SCV  
  82  6:52  SCV  
  84  6:57  Siege Tank  
  87  7:02  Terran Infantry Weapons Level 1  
  87  7:03  Terran Infantry Armor Level 1, SCV  
  87  7:05  SCV  
  89  7:10  Viking  
  89  7:12  Viking  
  89  7:14  SCV  
  94  7:16  SCV  
  94  7:18  SCV  
  96  7:25  Barracks  
  96  7:26  SCV  
  96  7:27  Barracks, Marine  
  99  7:30  SCV x2  
  99  7:32  Combat Shield  
  99  7:35  Siege Tank  
  103  7:39  Supply Depot  
  103  7:42  SCV  
  104  7:47  Armory  
  104  7:48  Barracks  
  104  7:49  Barracks, Refinery  
  104  7:50  Refinery  
  104  7:56  SCV  
  104  7:57  SCV  
  106  7:59  Viking x2  
  106  8:02  SCV  
  106  8:04  Supply Depot  
  111  8:07  Marine, Siege Tank  
  111  8:09  SCV x2  
  117  8:13  Barracks Reactor x2  
  117  8:14  SCV  
  118  8:21  SCV x2  
  118  8:26  SCV  
  120  8:28  Marine  
  120  8:29  Factory  
  120  8:32  Supply Depot  
  120  8:33  SCV x2  
  123  8:38  SCV  
  123  8:39  Siege Tank, Barracks Reactor x2  
  123  8:41  Medivac  
  129  8:45  SCV  
  129  8:46  Marine  
  131  8:50  Supply Depot  
  131  8:52  Marine x2  
  131  8:53  Marine x2  
  135  8:57  Terran Infantry Weapons Level 2  
  135  8:58  Supply Depot  
  135  9:02  Terran Infantry Armor Level 2  
  135  9:04  Marine  
  135  9:05  Command Center  
  135  9:08  SCV x3  
  139  9:10  Marine x4  
  139  9:16  Medivac x2  
  146  9:17  Marine x4  
  146  9:19  Supply Depot  
  146  9:21  Terran Vehicle Weapons Level 1  
  146  9:22  Marine  
  146  9:23  Supply Depot  
  151  9:26  SCV  
  151  9:28  Marine x4  
  156  9:34  Marine  
  156  9:35  Marine  
  156  9:36  Factory Tech Lab  
  156  9:37  Sensor Tower, Refinery  
  156  9:38  Marine x2  
  159  9:39  Refinery  
  159  9:41  Marine  
  161  9:46  Marine x4  
  161  9:50  Sensor Tower, Siege Tank  
  168  9:53  Viking  
  168  9:58  Viking  
  168  9:59  Marine  
  173  10:02  Supply Depot  
  173  10:04  Supply Depot  
  173  10:07  Marine  
  173  10:08  Marine x2  
  173  10:09  Marine  
  173  10:13  Marine x2  
  173  10:14  Marine  
  180  10:19  Planetary Fortress  
  180  10:22  Siege Tank  
  180  10:23  Marine x2  
  180  10:27  Marine  
  180  10:28  Marine x3  
  186  10:33  Marine x2, Siege Tank  
  190  10:36  Marine  
  190  10:41  Marine x2  
  193  10:45  Marine x3  
  195  10:50  Marine  
  195  10:51  Marine x2  
  195  10:54  Marine  
  199  10:58  Marine  
  199  11:02  Starport, Armory  
  200  11:08  Starport  
  192  11:12  Marine  
  192  11:13  Marine x5  
  192  11:15  Viking  
  192  11:16  Marine x3  
  199  11:21  Siege Tank  
  190  11:30  Marine  
  190  11:31  Marine x4  
  190  11:32  Viking  
  197  11:34  Marine  
  197  11:35  Marine x2  
  197  11:37  Marine  
  191  11:45  Viking  
  190  11:48  Marine  
  190  11:49  Marine x2  
  190  11:50  Command Center  
  190  11:53  Viking x2  
  195  11:54  Marine x2  
  195  11:59  Marine  
  195  12:00  Marine x3  
  186  12:02  Viking  
  186  12:05  Marine  
  186  12:07  Marine x2  
  172  12:12  Marine x2  
  172  12:15  Viking  
  149  12:17  Marine x2  
  153  12:23  Medivac, Viking, Marine  
  153  12:25  Marine x3  
  159  12:32  Viking, Marine, Siege Tank  
  165  12:43  Marine x7  
  172  12:45  Medivac  
  172  12:50  Marine, Siege Tank  
  178  12:53  Medivac  
  180  13:00  Marine  
  180  13:01  Marine x6  
  180  13:02  Marine  
  142  13:08  Marine  
  125  13:16  Medivac  
  125  13:17  Medivac  
  125  13:18  Marine x2  
  125  13:19  Marine x5  
  138  13:20  Marine  
  138  13:26  Marine  
  142  13:30  Starport Tech Lab, Siege Tank x2  
  144  13:36  Marine  
  145  13:41  Marine x3  
  145  13:45  Marine x3  
  145  13:46  Medivac  
  153  13:50  Marine  
  153  13:54  Marine  
  149  13:58  Marine  
  149  14:01  Marine  
  149  14:02  Marine x2, Siege Tank  
  123  14:03  Marine x3, Siege Tank  
  123  14:08  Marine  
  125  14:10  Planetary Fortress  
  125  14:11  Marine  
  125  14:16  Marine  
  127  14:19  Marine x3  
  127  14:21  Marine x3  
  133  14:26  Marine  
  133  14:29  Marine  
Show
View Real Time Build Order
Export as new Build Order

IIIIIIIIIIII Terran - Winner!

Build Orders:  

Get SALT Encoding   

  12  0:00  SCV  
  13  0:12  SCV  
  14  0:17  Supply Depot  
  14  0:24  SCV  
  14  0:27  Refinery  
  15  0:39  SCV  
  16  0:44  Barracks  
  16  0:51  SCV  
  16  0:55  Refinery  
  17  1:03  SCV  
  18  1:15  SCV  
  19  1:32  Factory  
  19  1:33  Orbital Command  
  19  1:41  Reaper  
  20  1:47  Supply Depot  
  20  1:58  SCV  
  21  2:10  SCV  
  21  2:13  Reaper  
  25  2:15  Hellion  
  25  2:23  SCV  
  26  2:34  Command Center  
  27  2:39  Hellion  
  27  2:41  SCV  
  29  2:45  Reaper  
  30  2:53  Starport  
  31  2:59  Supply Depot  
  31  3:00  SCV  
  31  3:03  Factory Tech Lab  
  31  3:18  Barracks Tech Lab  
  31  3:20  SCV  
  31  3:24  Cyclone  
  35  3:31  Refinery  
  35  3:33  SCV  
  36  3:39  Raven  
  38  3:45  SCV, Barracks Reactor  
  38  3:47  Orbital Command  
  39  3:57  SCV  
  38  4:03  Cyclone  
  38  4:09  SCV  
  41  4:13  SCV  
  42  4:21  SCV  
  42  4:22  Marine x2  
  45  4:25  SCV  
  45  4:27  Raven  
  48  4:33  SCV  
  48  4:34  Supply Depot  
  48  4:38  SCV  
  50  4:45  SCV, Siege Tank  
  54  4:53  Command Center  
  54  4:55  SCV  
  54  4:59  Supply Depot  
  55  5:00  SCV  
  56  5:07  SCV  
  56  5:12  SCV  
  55  5:19  Siege Tank  
  55  5:20  SCV  
  47  5:23  Raven  
  47  5:24  SCV  
  47  5:28  Marine x2, Refinery  
  52  5:32  SCV  
  53  5:36  SCV  
  54  5:44  SCV  
  54  5:48  Engineering Bay  
  54  5:49  Engineering Bay, SCV  
  58  5:52  Siege Tank  
  58  5:56  SCV  
  60  6:01  SCV  
  61  6:06  Orbital Command  
  61  6:08  SCV  
  61  6:11  Stimpack  
  62  6:13  Viking x2, SCV  
  62  6:15  Marine  
  68  6:19  Terran Infantry Weapons Level 1  
  68  6:20  SCV  
  68  6:22  Terran Infantry Armor Level 1  
  69  6:25  SCV  
  69  6:32  SCV  
  71  6:33  Marine  
  71  6:34  Orbital Command  
  71  6:35  Barracks, Siege Tank  
  71  6:36  Barracks  
  75  6:43  Viking  
  75  6:44  SCV x2  
  79  6:52  Marine  
  80  6:56  Barracks, SCV x2  
  80  6:58  Barracks  
  82  7:03  Viking  
  85  7:10  Supply Depot, SCV  
  85  7:15  Supply Depot  
  85  7:19  Viking, SCV x2  
  85  7:20  Siege Tank  
  85  7:22  SCV  
  93  7:25  Barracks Reactor x2  
  93  7:28  Refinery  
  93  7:30  Refinery  
  93  7:32  SCV x2  
  93  7:33  Armory  
  93  7:34  SCV  
  93  7:36  Marine  
  97  7:43  Supply Depot  
  97  7:44  SCV  
  97  7:45  Supply Depot  
  97  7:46  Barracks Reactor x2  
  97  7:48  SCV x2  
  100  7:52  Medivac x2  
  100  7:54  Marine  
  100  7:56  SCV  
  106  8:00  SCV  
  106  8:01  Missile Turret  
  106  8:02  SCV  
  108  8:07  Marine, Supply Depot x2  
  108  8:08  SCV  
  108  8:09  Marine x2  
  108  8:11  Marine  
  108  8:12  Marine, SCV  
  115  8:20  Sensor Tower, SCV x2  
  115  8:24  SCV  
  115  8:25  Marine  
  122  8:27  Marine  
  122  8:30  Siege Tank  
  122  8:32  Terran Infantry Weapons Level 2  
  127  8:35  Terran Infantry Armor Level 2  
  127  8:37  Viking x2  
  126  8:42  Combat Shield  
  126  8:45  Command Center  
  126  8:56  Marine x3, Supply Depot x2  
  126  8:59  Marine x3  
  126  9:02  Marine x3, Siege Tank  
  137  9:07  Factory  
  137  9:08  Medivac  
  140  9:13  Supply Depot  
  140  9:15  Terran Vehicle Weapons Level 1  
  140  9:17  Medivac, Marine  
  140  9:18  Marine x5  
  140  9:21  Marine x2  
  140  9:22  Marine  
  151  9:29  Supply Depot  
  151  9:30  Supply Depot  
  151  9:35  Marine x2  
  151  9:36  Marine x3, Siege Tank  
  158  9:42  Marine x4  
  162  9:51  Viking x2  
  166  9:59  Starport  
  166  10:02  Barracks  
  166  10:03  Marine x2  
  166  10:04  Marine x3  
  166  10:05  Marine x2  
  172  10:09  Siege Tank x2  
  172  10:10  SCV x2  
  172  10:11  SCV  
  181  10:16  Barracks Reactor  
  181  10:17  Refinery  
  181  10:19  Planetary Fortress  
  181  10:22  SCV  
  181  10:23  SCV x2  
  181  10:24  Refinery  
  184  10:31  Marine x4  
  184  10:33  Sensor Tower  
  90  10:35  Medivac x2  
  185  10:37  Starport Tech Lab  
  185  10:39  Marine x2  
  185  10:42  Starport  
  191  10:43  Supply Depot  
  191  10:49  Command Center  
  188  10:57  Viking  
  190  11:05  Viking  
  190  11:10  Marine x4  
  190  11:11  Marine  
  190  11:12  Marine x3  
  190  11:13  Siege Tank  
  190  11:15  Marine x2  
  190  11:17  Terran Infantry Weapons Level 3, Terran Infantry Armor Level 3  
  197  11:19  Marine  
  191  11:28  Marine x2  
  191  11:31  Raven  
  193  11:33  Marine x2  
  193  11:34  Marine x2  
  193  11:35  Marine x2  
  193  11:39  Marine x2  
  197  11:42  Marine  
  197  11:46  Marine  
  198  11:52  Terran Vehicle Weapons Level 2  
  195  11:57  Marine  
  195  11:58  Marine x7  
  195  11:59  Marine x2, Siege Tank x2  
  189  12:03  Marine  
  178  12:13  Medivac x2  
  178  12:14  Raven  
  178  12:15  Corvid Reactor, Marine, Starport Tech Lab  
  177  12:16  Marine x7, SCV  
  177  12:17  Marine x2, SCV  
  177  12:19  Refinery  
  177  12:21  Marine  
  190  12:35  Refinery  
  190  12:37  Refinery  
  190  12:41  Siege Tank  
  190  12:42  Raven, Siege Tank  
  198  12:49  Planetary Fortress  
  198  12:54  Sensor Tower  
  191  13:02  Marine x10  
  191  13:03  Marine  
  162  13:10  Raven  
  162  13:19  Missile Turret  
  162  13:20  Marine x10  
  162  13:23  Barracks Reactor  
  162  13:25  Raven  
  174  13:29  Viking x2  
  178  13:37  Marine  
  178  13:38  Marine x6  
  178  13:39  Command Center  
  178  13:41  Marine x2  
  185  13:43  Marine  
  188  13:53  Viking  
  188  13:55  Marine x5  
  190  13:59  Marine  
  195  14:05  Siege Tank  
  195  14:08  Siege Tank  
  195  14:13  Starport  
  195  14:15  Starport  
  195  14:21  Command Center  
  191  14:29  Marine  
Tags
 
Add a new tag
Caveats
  • Supply blocks, unpowered buildings, or Contaminate may cause inaccurate times.
  • Supply counts are checked every 10 seconds.